AoeStats
← K

Black Forest

510345374Analyzed
4v4 RM · 2d ago on Sep 30, 2026· 65m 0s· 8 players
Game mode
Random Map
Map size
Large (8 player)
Population
200
Speed
Normal
Resources
Standard
Victory
Conquest
Starting age
Dark Age
Ending age
Imperial Age
RankedLock teamsTeams togetherTeam positionsShared explorationLock speedFull tech treeHidden civsTurbo modeCheats
Victory
Defeat
🇨🇳 Varangians · China
1139
+16
🇨🇳 Persians · China
1136
+16
🇹🇼 Burgundians · Taiwan
1111
+17
1076
+17
🇬🇧 Dravidians · United Kingdom
1142
-17
🇨🇳 Jurchens · China
1138
-17
🇬🇧 Danes · United Kingdom
1118
-16
🇮🇳 Vikings · India
1116
-16
marshonginn
0:27 Loom
7:54 Wheelbarrow
11:35 Feudal Age
10:24 Double-Bit Axe
10:55 Horse Collar
12:01 Horse Collar
13:52 Bow Saw
15:09 Town Watch
15:38 Fishing Lines
17:42 Gold Mining
24:17 Castle Age
22:54 Gold Shaft Mining
22:25 Heavy Plow
23:20 Stone Mining
23:49 Gillnets
25:15 Stone Shaft Mining
30:46 Two-Man Saw
29:52 Treadmill Crane
33:05 Imperial Age
30:51 Husbandry
31:48 Ballistics
32:05 Guilds
32:12 Town Patrol
33:13 Masonry
33:24 Caravan
33:52 Hand Cart
35:18 Conscription
35:55 Forging
35:10 Cavalier
36:26 Crop Rotation
37:23 Iron Casting
38:03 Chemistry
37:54 Scale Barding Armor
37:14 Light Cavalry
38:28 Paladin
40:29 Architecture
41:20 Blast Furnace
40:58 Hoardings
41:25 Elite Coustillier
42:48 Chain Barding Armor
42:50 Fletching
42:26 Hussar
45:44 Squires
46:51 Murder Holes
47:18 Bombard Tower
48:02 Bodkin Arrow
48:42 Plate Barding Armor
48:19 Burgundian Vineyards
50:03 Fortified Wall
49:33 Elite Skirmisher
50:37 Arrowslits
51:07 Pikeman
51:33 Arson
54:22 Sappers
57:40 Bracer
57:41 Scale Mail Armor
57:41 Padded Archer Armor
57:06 Halberdier
27岁电竞老年人
14:31 Feudal Age
18:44 Castle Age
16:34 Double-Bit Axe
16:45 Horse Collar
25:59 Wheelbarrow
28:29 Bow Saw
28:27 Heavy Plow
31:26 Hand Cart
31:44 Crossbowman
32:29 Thumb Ring
34:58 Imperial Age
32:28 Loom
32:28 Town Watch
33:12 Gold Mining
35:24 Ballistics
35:04 Fletching
35:14 Padded Archer Armor
35:03 Onager
36:31 Gold Shaft Mining
35:47 Arbalester
36:49 Bodkin Arrow
37:09 Leather Archer Armor
38:19 Siege Onager
40:55 Chemistry
40:01 Siege Engineers
42:23 Conscription
42:14 Bracer
42:44 Ring Archer Armor
47:37 Elite Skirmisher
50:26 Caravan
51:12 Town Patrol
51:36 Squires
55:06 Light Cavalry
57:24 Husbandry
雪舞蝶梦
0:28 Loom
12:20 Feudal Age
13:13 Double-Bit Axe
13:08 Horse Collar
17:44 Castle Age
18:56 Bow Saw
21:34 Wheelbarrow
24:55 Heavy Plow
27:05 Caravan
27:34 Hand Cart
27:26 Gold Mining
27:27 Stone Mining
29:55 Stone Shaft Mining
32:26 Imperial Age
30:24 Forging
30:20 Scale Barding Armor
33:10 Elite Jarl
34:11 Conscription
34:34 Iron Casting
34:19 Chain Barding Armor
34:58 Ballistics
35:44 Bloodlines
35:35 Husbandry
36:32 Light Cavalry
38:16 Blast Furnace
37:52 Plate Barding Armor
40:32 Chemistry
39:13 Treadmill Crane
39:44 Masonry
39:39 Siege Engineers
39:17 Hussar
42:10 Fletching
42:20 Padded Archer Armor
42:53 Coinage
44:38 Banking
44:19 Guilds
46:04 Cavalier
51:35 Bodkin Arrow
51:55 Leather Archer Armor
54:37 Bracer
55:07 Ring Archer Armor
54:38 Scale Mail Armor
54:02 Elite Varangian Guard
59:32 Vendel Legacy
59:32 Gothikon
60:01 Arson
60:17 Squires
60:02 Gambesons
59:38 Man-at-Arms
59:38 Pikeman
tugou
0:50 Loom
12:09 Feudal Age
13:27 Double-Bit Axe
16:00 Castle Age
15:09 Fishing Lines
17:26 Bow Saw
17:18 Gillnets
22:03 Horse Collar
23:44 Wheelbarrow
24:34 Heavy Plow
26:18 Hand Cart
29:50 Imperial Age
28:01 Gold Mining
28:04 Stone Mining
28:17 Caravan
31:19 Chemistry
30:41 Scale Barding Armor
30:47 Forging
31:21 Gold Shaft Mining
32:25 Crop Rotation
33:00 Two-Man Saw
32:31 Conscription
33:20 Chain Barding Armor
33:36 Iron Casting
35:17 Citadels
37:30 Guilds
37:54 Coinage
37:03 Elite War Elephant
38:39 Masonry
39:09 Plate Barding Armor
39:35 Blast Furnace
38:27 Fletching
38:38 Scale Mail Armor
39:02 Ballistics
40:18 Bloodlines
40:09 Husbandry
40:38 Onager
43:02 Architecture
61:36 Bodkin Arrow
Gilgamesh43499
1:15 Loom
14:27 Feudal Age
15:15 Double-Bit Axe
15:11 Horse Collar
21:38 Castle Age
22:46 Bow Saw
22:38 Heavy Plow
29:42 Stone Mining
29:43 Gold Mining
34:43 Imperial Age
33:21 Gold Shaft Mining
33:09 Scale Mail Armor
33:19 Forging
33:13 Squires
33:34 Treadmill Crane
34:08 Masonry
35:08 Chieftains
35:23 Onager
35:43 Elite Varangian Guard
36:41 Chain Mail Armor
38:03 Capped Ram
42:58 Hoardings
42:44 Conscription
42:58 Architecture
42:49 Ballistics
43:30 Chemistry
42:22 Fletching
42:33 Padded Archer Armor
43:19 Plate Mail Armor
43:07 Caravan
43:25 Siege Ram
46:34 Siege Engineers
47:49 Crop Rotation
48:20 Arson
49:44 Iron Casting
49:32 Bodkin Arrow
60:21 Heavy Scorpion
63:46 Bracer
64:52 Blast Furnace
64:07 Murder Holes
SideMeerkat6918
0:45 Loom
13:01 Feudal Age
14:17 Wheelbarrow
13:25 Horse Collar
13:33 Double-Bit Axe
14:05 Town Watch
14:25 Fishing Lines
22:28 Bloodlines
24:24 Castle Age
22:36 Stone Mining
22:38 Gold Mining
22:56 Padded Archer Armor
22:52 Fletching
25:17 Heavy Plow
25:30 Bow Saw
25:55 Hand Cart
27:17 Gold Shaft Mining
28:47 Thumb Ring
32:00 Leather Archer Armor
31:41 Bodkin Arrow
37:46 Imperial Age
38:48 Conscription
38:10 Cranequins
38:53 Heavy Mounted Crossbowman
41:08 Bracer
42:11 Northmen's Fury
48:53 Ring Archer Armor
50:35 Caravan
52:46 Forging
YuangXue
12:38 Feudal Age
13:57 Double-Bit Axe
14:21 Horse Collar
17:14 Castle Age
18:50 Wheelbarrow
18:28 Bow Saw
22:43 Heavy Plow
26:46 Hand Cart
27:13 Gold Mining
29:28 Gold Shaft Mining
28:45 Stone Mining
33:00 Imperial Age
31:12 Siege Engineers
32:58 Scale Mail Armor
32:44 Treadmill Crane
34:24 Heavy Rocket Cart
35:18 Elite Fire Lancer
36:08 Fletching
36:34 Chain Mail Armor
36:29 Forging
37:02 Squires
36:47 Arson
36:49 Gambesons
37:03 Bodkin Arrow
39:24 Chemistry
38:51 Thunderclap Bombs
39:49 Guard Tower
40:24 Ballistics
40:13 Bracer
40:50 Iron Casting
41:19 Keep
40:29 Arrowslits
40:56 Masonry
40:56 Fortified Wall
40:41 Murder Holes
41:43 Fortified Bastions
42:05 Conscription
42:26 Caravan
49:23 Stone Shaft Mining
52:51 Loom
55:34 Architecture
55:56 Bloodlines
K
10:47 Feudal Age
12:30 Double-Bit Axe
15:23 Castle Age
18:51 Gold Mining
24:04 Bow Saw
25:36 Horse Collar
28:01 Stone Mining
29:23 Wheelbarrow
31:43 Imperial Age
28:59 Loom
28:59 Town Watch
30:29 Hand Cart
31:00 Fletching
31:10 Padded Archer Armor
31:33 Ballistics
31:24 Thumb Ring
32:00 Elite Elephant Archer
32:54 Bodkin Arrow
33:14 Leather Archer Armor
34:03 Bracer
35:46 Chemistry
35:22 Conscription
35:52 Ring Archer Armor
36:23 Forging
36:41 Wootz Steel
37:24 Town Patrol
37:28 Squires
37:13 Gambesons
36:55 Pikeman
37:43 Medical Corps
39:31 Caravan
44:25 Elite Skirmisher
54:27 Halberdier
54:53 Arson
55:15 Scale Mail Armor
56:43 Chain Mail Armor
57:03 Iron Casting
58:06 Murder Holes
Connection lost

Rejoining the realm…

Still unreachable

The connection could not be restored.

Session expired

The server has moved on; the page needs a fresh start.